 Dungeon Crawl Stone Soup version 0.30.1-4-g462c640d31 (webtiles) character file.

Game seed: 18138712617349155941

169 GeoRichter the Insei (level 5, -3/39 HPs)
             Began as a Demonspawn Warper on Sept 18, 2023.
             Slain by Blork the orc
             ... wielding a +0 trident
              (12 damage)
             ... on level 4 of the Dungeon.
             The game lasted 00:03:16 (2828 turns).

GeoRichter the Insei (Demonspawn Warper)            Turns: 2828, Time: 00:03:16

Health: -3/39      AC:  4    Str: 13    XL:     5   Next: 25%
Magic:  8/8        EV: 12    Int: 14    God:
Gold:   130        SH:  4    Dex: 17    Spells: 8/8 levels left

rFire   . .          .
                       - Unarmed
rCold   . . .        (no shield)
rNeg    . . .        b - +0 leather armour
rPois   .            k - +0 helmet
rElec   .            (no cloak)
rCorr   .            (no gloves)
SInv    .            (no boots)
Will    .....        (no amulet)
Stlth   +++          (no ring)
HPRegen 0.26/turn    (no ring)
MPRegen 0.11/turn

%: no passive effects
@: no status effects
A: claws 1, thin skeletal structure 2, condensation shield
a: no special abilities


You were on level 4 of the Dungeon.
You visited 1 branch of the dungeon, and saw 4 of its levels.

You collected 130 gold pieces.

Inventory:

Missiles
 d - 7 boomerangs of dispersal (quivered) {!f}
Armour
 b - a +0 leather armour (worn)
 k - a +0 helmet (worn)
   (You took it off Robin on level 2 of the Dungeon)
Scrolls
 c - 3 scrolls of blinking
 f - a scroll of silence {unknown}
 h - a scroll of fog {unknown}
 i - a scroll of noise {unknown}
 l - a scroll of identify {unknown}
 m - a scroll of fear {unknown}
 o - a scroll of teleportation {unknown}
Potions
 a - a potion of lignification {unknown}
 e - 4 potions of brilliance {unknown}
 g - a potion of curing {unknown}
 j - a potion of berserk rage {unknown}
 n - a potion of ambrosia {unknown}
 p - 2 potions of flight {unknown}
 q - a potion of heal wounds {unknown}


   Skills:
 - Level 2.3 Fighting
 - Level 2.3 Long Blades
 - Level 0.8 Throwing
 - Level 0.8 Armour
 - Level 1.7 Dodging
 * Level 4.1 Unarmed Combat
 - Level 2.0 Spellcasting
 - Level 2.6 Translocations


You had 8 spell levels left.
You didn't know any spells.
Your spell library contained the following spells:

 Spells                   Type           Power      Damage    Failure   Level
 Blink                    Tloc           16%        N/A       16%         2
 Lesser Beckoning         Tloc           16%        N/A       16%         2
 Teleport Other           Tloc           8%         N/A       30%         3
 Sublimation of Blood     Necr           1%         N/A       41%         2
 Wereblood                Tmut           1%         N/A       41%         2
 Vhi's Electric Charge    Tloc/Air       10%        N/A       45%         3
 Ozocubu's Armour         Ice            1%         N/A       65%         3
 Manifold Assault         Tloc           8%         N/A       69%         4
 Metabolic Englaciation   Hex/Ice        0%         N/A       100%        5
 Simulacrum               Ice/Necr       0%         N/A       100%        6
 Summon Hydra             Summ           0%         N/A       100%        7


Dungeon Overview and Level Annotations

Branches:
Dungeon (4/15) Zot: 21174
 Temple: D:4-7

Altars:
Qazlal
Yredelemnul

Annotations:
D:4 Blork the orc


Innate Abilities, Weirdness & Mutations

You have sharp fingernails.
You have a moderately thin skeletal structure. (Dex +4, Stealth++)
A meltable shield of frost defends you. (SH +4)


Message History

You scratch Blork the orc but do no damage.
Blork the orc gestures wildly while chanting.
Blork the orc seems to speed up.
You scratch Blork the orc.
Blork the orc is lightly wounded.
Blork the orc closely misses you. x2
You scratch Blork the orc.
Blork the orc is moderately wounded.
You block Blork the orc's attack.
You scratch Blork the orc.
Blork the orc is heavily wounded.
Blork the orc hits you with a +0 trident.
You closely miss Blork the orc.
Blork the orc is heavily wounded.
Blork the orc looks satisfied for a moment.
Blork the orc points at you and mumbles some strange words.
The magic dart hits you!
You closely miss Blork the orc.
Blork the orc is heavily wounded.
Blork the orc hits you with a +0 trident!
* * * LOW HITPOINT WARNING * * *
You scratch Blork the orc. You claw Blork the orc.
Blork the orc is severely wounded.
You block Blork the orc's attack.
Blork the orc hits you with a +0 trident.
* * * LOW HITPOINT WARNING * * *
You closely miss Blork the orc.
Blork the orc is severely wounded.
Blork the orc misses you.
You completely miss Blork the orc.
Blork the orc is severely wounded.
Blork the orc barely misses you.
You scratch Blork the orc.
Blork the orc is severely wounded.
Blork the orc casts a cantrip, but nothing happens.
Blork the orc casts a spell at you. The magic dart hits you.
* * * LOW HITPOINT WARNING * * *
You barely miss Blork the orc.
Blork the orc is severely wounded.
Blork the orc hits you with a +0 trident.
* * * LOW HITPOINT WARNING * * *
You claw Blork the orc!
Blork the orc is almost dead.
Blork the orc hits you but does no damage.
You block Blork the orc's attack.
You closely miss Blork the orc.
Blork the orc is almost dead.
Blork the orc hits you with a +0 trident!
You die...

#.#####...# ... ..#...#
#.###.#...#
#########...#.#...#####
..........#.#.#.......#
#########.#.#.##..###.#
#.#.#.##†.#
#######.#.#.##..#
..............@.#
#######......#o.#
#......#..# #......#..#
#......#..# #.#.#.##..#
#.#.#.##..# #.#.#.##...
#.#.#.#


You could see Blork the orc (fast).

Vanquished Creatures
  Jessica (D:3)
  2 scorpion zombies (D:3)
  Robin (D:2)
  An adder zombie (D:3)
  3 worms
  2 dart slugs
  4 orcs (D:3)
  3 endoplasms (D:1)
  2 giant cockroaches (D:1)
  10 goblins
  7 hobgoblins
  6 jackals
  5 kobolds
  7 ball pythons
  3 bats
  2 frilled lizards
  6 rats
65 creatures vanquished.

Notes
Turn   | Place    | Note
-------+----------+-------------------------------------------
     0 | D:1      | GeoRichter the Demonspawn Warper began the quest for the
                  | Orb.
     0 | D:1      | Reached XP level 1. HP: 16/16 MP: 3/3
   169 | D:1      | Gained mutation: You have sharp fingernails. [demonic
                  | ancestry]
   169 | D:1      | Reached XP level 2. HP: 20/22 MP: 5/5
   256 | D:1      | Found a faded altar of an unknown god.
   424 | D:1      | Reached skill level 1 in Unarmed Combat
   964 | D:2      | Gained mutation: You have a somewhat thin skeletal
                  | structure. (Dex +2, Stealth+) [demonic ancestry]
   964 | D:2      | Reached XP level 3. HP: 28/28 MP: 6/6
  1081 | D:2      | Reached skill level 2 in Unarmed Combat
  1150 | D:2      | Noticed Robin
  1188 | D:2      | Killed Robin
  1260 | D:2      | Found a stormy altar of Qazlal.
  1425 | D:2      | Gained mutation: You have a moderately thin skeletal
                  | structure. (Dex +4, Stealth++) [demonic ancestry]
  1425 | D:2      | Reached XP level 4. HP: 15/34 MP: 7/7
  1954 | D:3      | Noticed Jessica
  1960 | D:3      | Killed Jessica
  1961 | D:3      | Reached skill level 3 in Unarmed Combat
  2016 | D:3      | Gained mutation: A meltable shield of frost defends you.
                  | (SH +4) [demonic ancestry]
  2016 | D:3      | Reached XP level 5. HP: 27/39 MP: 8/8
  2107 | D:3      | Identified the +3 whip of Agony {heavy, Will+}
  2165 | D:3      | Reached skill level 4 in Unarmed Combat
  2226 | D:3      | Found a basalt altar of Yredelemnul.
  2811 | D:4      | Noticed Blork the orc
  2828 | D:4      | Slain by Blork the orc

Illustrated notes

Levels and vault maps discovered:
D:1:      dpeg_arrival_round_b, layout_loops_ring, basic_ecumenical_altar
D:2:      cheibrodos_helix_gallery, layout_loops_cross, basic_altar,
          minmay_misc_feat_enclosed, uniq_robin
D:3:      layout_loops_ring, nicolae_yredelemnul_corpse_copse,
          kennysheep_cross_bottleneck, uniq_jessica
D:4:      layout_basic, st_stairs_3, uniq_blork_the_orc

Skill      XL: |  1  2  3  4  5 |
---------------+----------------+-----
Long Blades    | 2 |  2.3
Unarmed Combat | 1 2 3 4 |  4.1
Fighting       | |  2.3
Throwing       | |  0.8
Armour         | |  0.8
Dodging        | |  1.7
Spellcasting   | |  2.0
Translocations | |  2.6

Action                     |  1- 3 |  4- 6 || total
---------------------------+-------+-------++-------
  Melee: Falchion          |    40 |       ||    40
         Unarmed           |   144 |    95 ||   239
         Punch             |     2 |     6 ||     8
   Stab: Sleeping          |     1 |     6 ||     7
         Distracted        |       |     1 ||     1
 Armour: Leather armour    |    35 |    11 ||    46
  Dodge: Dodged            |    88 |    36 ||   124
  Block: Other             |       |     6 ||     6
